 Dungeon Crawl Stone Soup version 0.20.1-1-g8b1a95d66d (webtiles) character file.

99 Jynx the Changer (level 4, -1/35 HPs)
             Began as a Draconian Transmuter on Dec 27, 2017.
             Killed by divine providence
             ... invoked by an orc priest
              (13 damage)
             ... on level 2 of the Dungeon.
             The game lasted 00:04:22 (2119 turns).

Jynx the Changer (Draconian Transmuter)             Turns: 2119, Time: 00:04:24

Health: -1/35      AC:  7    Str: 12    XL:     4   Next: 45%
Magic:  7/8        EV: 12    Int: 13    God:
Gold:   101        SH:  0    Dex: 13    Spells: 2/8 levels left

rFire    . . .     SeeInvis .     - Unarmed
rCold    . . .     Gourm    .   (no shield)
rNeg     . . .     Faith    .   (armour unavailable)
rPois    .         Spirit   .   (helmet restricted)
rElec    .         Reflect  .   (no cloak)
rCorr    .         Harm     .   (no gloves)
MR       .....                  k - +1 pair of boots
Stlth    +.........             (no amulet)
Regen    0.2/turn               (no ring)
MPRegen  0.2/turn               (no ring)

@: appendage (expiring)
A: unfitting armour, horns 2, cold-blooded, AC +5
a: End Transformation


You were on level 2 of the Dungeon.
You were hungry.
You had grown temporary horns.
You visited 1 branch of the dungeon, and saw 3 of its levels.

You collected 101 gold pieces.

Inventory:

Missiles
 a - 12 arrows
Armour
 k - a +1 pair of boots (worn)
Jewellery
 l - a cursed ring of teleportation
Scrolls
 f - a scroll of remove curse
 j - a scroll of enchant weapon {unknown}
 m - a scroll of teleportation {unknown}
 o - a scroll of enchant armour {unknown}
Potions
 e - 2 potions of curing {unknown}
 n - a potion of heal wounds {unknown}
Books
 b - a book of Changes

   Spells                             Type                      Level
   a - Beastly Appendage              Transmutation                1
   b - Sticks to Snakes               Transmutation                2
   c - Spider Form                    Transmutation/Poison         3
   d - Ice Form                       Ice/Transmutation            4
   e - Blade Hands                    Transmutation                5
Comestibles
 c - 2 bread rations
 h - a meat ration


   Skills:
 - Level 1.1 Fighting
 - Level 1.7 Dodging
 - Level 0.4 Stealth
 - Level 3.0 Unarmed Combat
 + Level 2.7 Spellcasting
 * Level 4.1 Transmutations
 + Level 0.0 Poison Magic


You had 2 spell levels left.
You knew the following spells:

 Your Spells              Type           Power        Failure   Level  Hunger
a - Beastly Appendage     Tmut           ##....       4%          1    #......
b - Sticks to Snakes      Tmut           ##......     6%          2    ###....
c - Spider Form           Tmut/Pois      #.........   30%         3    ###....


Dungeon Overview and Level Annotations

Branches:
Dungeon (3/15)

Altars:
Xom

Annotations:
D:1 1 runed door


Innate Abilities, Weirdness & Mutations

Your plain brown scales are hard. (AC +5)
You cannot fit into any form of body armour.
You are cold-blooded and may be slowed by cold attacks.
You have a pair of horns on your head.


Message History

The orc priest hits you with a short sword.
The orc wizard misses you.
You closely miss the orc priest.
The orc priest hits you but does no damage.
You hit the orc priest. Your headbutt misses the orc priest.
The orc priest is moderately wounded.
The orc wizard hits you with a dagger.
The orc priest hits you but does no damage.
You closely miss the orc priest. Your headbutt misses the orc priest.
The orc priest is moderately wounded.
The orc wizard hits you but does no damage.
The orc priest hits you but does no damage.
You barely miss the orc priest.
The orc priest is moderately wounded.
Your transformation is almost over.
The orc wizard gestures at you while chanting.
The magic dart hits you!
The orc priest invokes the aid of Beogh against you.
Beogh smites you!
You die...

.#.##.# #.##.# #.#
.#.##.# #.##.# #.#
.#.##.##### #.##.#
#.# .#.##.....#
#.##.# #.#
.#.##.....# #.##.#
#.#
..........###.##.#
#.#
.#.##..(......##.#
#.#
.#.#..(.......##o#
#.#
.....()........o@#
#.#
.#.#..........####
#.#
..<..##########
#.#
##.....[......#
#.#
)......######.##
#########.#
)..###.........#
#.........#
...............#
#.#########
...###.........#
#.# ####
##........# #.#


You could see an orc priest and an orc wizard.

Vanquished Creatures
  Terence (D:2)
  2 adders (D:2)
  2 worms (D:2)
  A dart slug (D:2)
  2 leopard geckos
  2 orcs (D:2)
  A ball python (D:2)
  A giant cockroach (D:1)
  4 goblins (D:2)
  7 jackals (D:2)
  2 quokkas (D:2)
  5 bats
  6 frilled lizards
  6 kobolds
  3 rats
45 creatures vanquished.

Notes
Turn   | Place    | Note
-------+----------+-------------------------------------------
     0 | D:1      | Jynx the Draconian Transmuter began the quest for the Orb.
     0 | D:1      | Reached XP level 1. HP: 16/16 MP: 3/3
     1 | D:1      | Found a runed door.
     5 | D:1      | Noticed a jelly
   320 | D:1      | Reached XP level 2. HP: 19/23 MP: 3/5
   712 | D:2      | Reached skill level 3 in Transmutations
   720 | D:2      | Reached XP level 3. HP: 22/28 MP: 6/6
   904 | D:2      | Found a shimmering altar of Xom.
  1702 | D:2      | Reached XP level 4. HP: 35/35 MP: 5/7
  1743 | D:2      | Noticed Terence
  1781 | D:2      | Killed Terence
  1781 | D:2      | Reached skill level 4 in Transmutations
  1910 | D:2      | Learned a level 2 spell: Sticks to Snakes
  1914 | D:2      | Learned a level 3 spell: Spider Form
  2119 | D:2      | Killed from afar by an orc priest

Skill      XL: |  1  2  3  4 |
---------------+-------------+-----
Transmutations | 3 4 |  4.1
Fighting       | |  1.1
Dodging        | |  1.7
Stealth        | |  0.4
Unarmed Combat | |  3.0
Spellcasting   | |  2.7

Action                   |  1- 3 |  4- 6 || total
-------------------------+-------+-------++-------
Melee: Unarmed           |   175 |    49 ||   224
       Tailslap          |    12 |     4 ||    16
       Punch             |     3 |     1 ||     4
       Headbutt          |    12 |     4 ||    16
       Kick              |     1 |       ||     1
 Cast: Beastly Appendage |    22 |     5 ||    27
  Use: Scroll            |       |     4 ||     4
  Eat: Chunk             |     3 |     1 ||     4
Armor: Skin              |    80 |    13 ||    93
Dodge: Dodged            |   134 |    21 ||   155
